 Dungeon Crawl Stone Soup version 0.17-a0-2070-g2a5e0a8 (webtiles) character file.

30 Ordine the Ruffian (level 3, 0/46 HPs)
             Began as a Naga Transmuter on Oct 14, 2015.
             Slain by a jackal (2 damage)
             ... on level 2 of the Dungeon.
             The game lasted 00:04:22 (1421 turns).

Ordine the Ruffian (Naga Transmuter)                Turns: 1421, Time: 00:04:22

Health: 0/46       AC: 21    Str: 12    XL:     3   Next: 20%
Magic:  2/7        EV:  1    Int: 14    God:
Gold:   51         SH:  0    Dex: 11    Spells: 3 memorised, 1 level left

rFire  . . .     SeeInvis +       - Unarmed
rCold  . . .     Clarity  .     (armour currently unavailable)
rNeg   + + +     SustAt   .     (no shield)
rPois  +         Gourm    .     (helmet currently unavailable)
rElec  .         Spirit   .     (cloak currently unavailable)
rCorr  .         Warding  .     (gloves currently unavailable)
rMut   .         NoTele   +     (no barding)
MR     .....                    (no amulet)
Stlth  +.........               (no ring)
                                (no ring)

@: tree-form, not resistant to hostile enchantments, very unstealthy
A: see invisible, (deformed body), (poison resistance), (slowness 0), slow
metabolism 1, spit poison 2, AC +1
a: Spit Poison


You were on level 2 of the Dungeon.
You were very hungry.
You were a tree.
You visited 1 branch of the dungeon, and saw 2 of its levels.

You collected 51 gold pieces.

Inventory:

Missiles
 a - 20 arrows
Armour
 b - a +0 robe (melded)
 i - a +0 shield
Scrolls
 e - a scroll of noise {unknown}
 f - 2 scrolls of identify {unknown}
 j - a scroll of remove curse {unknown}
 k - a scroll of amnesia {unknown}
Potions
 g - a potion of agility {unknown}
 h - 2 potions of lignification
 l - a potion of cancellation {unknown}
Books
 c - a book of Changes

   Spells                             Type                      Level
   a - Beastly Appendage              Transmutation                1
   b - Sticks to Snakes               Transmutation                2
   c - Spider Form                    Transmutation/Poison         3
   d - Ice Form                       Ice/Transmutation            4
   e - Blade Hands                    Transmutation                5
Comestibles
 d - 2 bread rations


   Skills:
 - Level 1.0 Fighting
 - Level 1.5 Dodging
 - Level 3.0 Unarmed Combat
 + Level 2.9 Spellcasting
 + Level 2.6 Transmutations


You had one spell level left.
You knew the following spells:

 Your Spells              Type           Power        Failure   Level  Hunger
a - Beastly Appendage     Trmt           #.....       10%         1    #......
b - Sticks to Snakes      Trmt           #.........   14%         2    ##.....
c - Spider Form           Trmt/Pois      #.........   38%         3    ###....


Dungeon Overview and Level Annotations

Branches:
Dungeon (2/15)

Altars:


Innate Abilities, Weirdness & Mutations

You cannot wear boots.
((Your serpentine skin is tough (AC +1).))
You have supernaturally acute eyesight.
((Armour fits poorly on your strangely shaped body.))
((Your system is resistant to poisons.))
((You cover ground very slowly.))
You have a slow metabolism.
You can spit poison.


Message History

The jackal bites you but does no damage.
The rat bites you but does no damage.
You smack the rat!
You kill the rat!
The jackal bites you but does no damage.
You barely miss the jackal.
The jackal bites you but does no damage.
You closely miss the jackal. The jackal bites you.
* * * LOW HITPOINT WARNING * * *
The jackal bites you but does no damage.
You hit the jackal.
The jackal is lightly wounded.
The jackal bites you but does no damage.
You hit the jackal but do no damage.
The jackal is lightly wounded.
The jackal bites you but does no damage.
You hit the jackal.
The jackal is severely wounded.
The jackal bites you.
You die...

#.# #.# #.# # #.# #. #.#
#. #)# #.. # #.#
#..############.###.#
#(#
####.......†.hhh♣S.....<
#.#
.........########.####..
#.# ######.#.# .# #..
#.#.# .## ..# ### #.#.#
.>. #.# #.#.#######.##
#. #.# #.#.........# #.
#.# #.#.###.....#
#.###.# ###..........[#
#.....#


You could see 3 jackals and a friendly adder.

Vanquished Creatures
  An ooze (D:1)
  A worm (D:2)
  A giant gecko (D:1)
  A giant cockroach (D:2)
  4 hobgoblins (D:2)
  3 jackals (D:2)
  4 kobolds
  3 bats (D:1)
  A goblin (D:1)
  3 rats
22 creatures vanquished.

Vanquished Creatures (collateral kills)
  A jackal (D:2)
1 creature vanquished.

Grand Total: 23 creatures vanquished

Notes
Turn   | Place    | Note
--------------------------------------------------------------
     0 | D:1      | Ordine the Naga Transmuter began the quest for the Orb.
     0 | D:1      | Reached XP level 1. HP: 18/18 MP: 3/3
   539 | D:1      | Reached XP level 2. HP: 20/25 MP: 3/5
   553 | D:1      | Learned a level 2 spell: Sticks to Snakes
  1188 | D:2      | Reached XP level 3. HP: 16/31 MP: 4/7
  1193 | D:2      | Learned a level 3 spell: Spider Form
  1418 | D:2      | HP: 2/46 [jackal (2)]
  1421 | D:2      | Slain by a jackal

Vault maps used:
D:1:      wheals_arrival_shading, serial_bayou_pond_a
D:2:      nicolae_overflow_hidden_temple, first_bread

Action                   || total
-------------------------++-------
Melee: Unarmed           ||    96
 Cast: Beastly Appendage ||     8
       Sticks to Snakes  ||     3
  Use: Potion            ||     1
